[ AOE2 MATCH · #457728379 ]
UnrankedLithuanians vs Teutons
[ REPLAY ANALYSIS · EXTRACTED FROM THE RECORDED GAME ]
Feudal
11:32
Castle
15:03
Imperial
33:19
| APM avg | 47.0 |
| APM peak | 94 |
| eAPM avg | 30.5 |
| Villagers / military | 179 / 1084 |
Focus
⚔️ 59.7% · 🌾 40.3%
Knight ×880 · Scout Cavalry ×180 · Trade Cart ×89 · Bombard Cannon ×10 · Mangonel ×8 · Trebuchet (Packed) ×4
Feudal
24:44
Castle
28:14
Imperial
45:51
| APM avg | 54.4 |
| APM peak | 123 |
| eAPM avg | 37.7 |
| Villagers / military | 214 / 926 |
Focus
⚔️ 54.5% · 🌾 45.5%
Spearman ×884 · Trade Cart ×73 · Mangonel ×27 · Bombard Cannon ×13 · Fishing Ship ×12 · Demolition Raft ×2
Feudal
14:48
Castle
18:18
Imperial
32:48
| APM avg | 44.4 |
| APM peak | 127 |
| eAPM avg | 32.5 |
| Villagers / military | 138 / 902 |
Focus
⚔️ 40.2% · 🌾 59.8%
Spearman ×343 · Scout Cavalry ×283 · Militia ×130 · Trade Cart ×89 · Scorpion ×55 · Battering Ram ×39
Feudal
12:38
Castle
16:15
Imperial
28:13
| APM avg | 57.7 |
| APM peak | 134 |
| eAPM avg | 35.0 |
| Villagers / military | 98 / 758 |
Focus
⚔️ 60.4% · 🌾 39.6%
Militia ×300 · Spearman ×195 · Elephant Archer ×192 · Trade Cart ×95 · Fishing Ship ×59 · Armored Elephant ×20
Feudal
24:00
Castle
27:30
Imperial
41:03
| APM avg | 41.8 |
| APM peak | 94 |
| eAPM avg | 20.4 |
| Villagers / military | 234 / 803 |
Focus
⚔️ 33.1% · 🌾 66.9%
Cavalry Archer ×413 · Scout Cavalry ×320 · Trade Cart ×44 · Tarkan ×25 · Trebuchet (Packed) ×18 · Scorpion ×14
Feudal
12:20
Castle
15:59
Imperial
27:19
| APM avg | 47.5 |
| APM peak | 86 |
| eAPM avg | 27.9 |
| Villagers / military | 126 / 1389 |
Focus
⚔️ 42.3% · 🌾 57.7%
Eagle Scout ×1237 · Trade Cart ×142 · Militia ×95 · Fishing Ship ×44 · Battering Ram ×37 · Monk ×10
Feudal
12:34
Castle
18:59
Imperial
26:03
| APM avg | 49.3 |
| APM peak | 77 |
| eAPM avg | 32.8 |
| Villagers / military | 326 / 150 |
Focus
⚔️ 20.1% · 🌾 79.9%
Fire Lancer ×89 · Trade Cart ×72 · Fishing Ship ×25 · Bombard Cannon ×22 · Hand Cannoneer ×19 · War Wagon ×10
Feudal
11:14
Castle
15:13
Imperial
34:30
| APM avg | 31.0 |
| APM peak | 60 |
| eAPM avg | 19.5 |
| Villagers / military | 181 / 994 |
Focus
⚔️ 42.9% · 🌾 57.1%
Spearman ×899 · Mangonel ×60 · Trade Cart ×44 · Bombard Cannon ×19 · Archer ×15 · Battering Ram ×1
Match map
Initial resources + every placement click. Lines = walls · curves = elevation contours. ◆ gold · ⬟ stone · ● berries · ✦ relic · ◌ wall gap
Inputs per minute
— Monkey_D_Luffy - - lion_
Build order — Monkey_D_Luffy
First 150 of 1637 actions detected
| 0:02 | Create | Villager (Male) ×5 |
| 0:02 | Create | Villager (Male) ×5 |
| 0:03 | Create | Villager (Male) |
| 0:04 | Build | House |
| 0:05 | Build | House |
| 1:31 | Create | Villager (Male) |
| 1:32 | Create | Villager (Male) |
| 1:32 | Create | Villager (Male) |
| 1:53 | Build | Lumber Camp |
| 1:55 | Create | Villager (Male) |
| 1:55 | Create | Villager (Male) |
| 2:39 | Create | Villager (Male) |
| 2:39 | Create | Villager (Male) |
| 3:05 | Create | Villager (Male) |
| 3:06 | Create | Villager (Male) |
| 3:06 | Create | Villager (Male) |
| 3:37 | Create | Villager (Male) |
| 3:37 | Create | Villager (Male) |
| 3:37 | Create | Villager (Male) |
| 3:44 | Build | House |
| 4:15 | Create | Villager (Male) |
| 4:15 | Create | Villager (Male) |
| 4:20 | Build | House |
| 4:50 | Create | Villager (Male) |
| 4:50 | Create | Villager (Male) |
| 5:51 | Create | Villager (Male) |
| 6:22 | Build | Mill |
| 6:24 | Create | Villager (Male) |
| 6:36 | Create | Villager (Male) |
| 7:26 | Create | Villager (Male) |
| 7:31 | Build | Farm |
| 8:02 | Create | Villager (Male) |
| 8:12 | Create | Villager (Male) |
| 8:15 | Build | House |
| 8:21 | Build | Farm |
| 8:25 | Build | Farm |
| 8:35 | Build | Mining Camp |
| 8:41 | Research | Feudal Age |
| 8:47 | Create | Villager (Male) |
| 9:22 | Research | Feudal Age |
| 9:22 | Research | Feudal Age |
| 10:07 | Research | Loom |
| 10:28 | Build | Barracks |
| 10:31 | Create | Villager (Male) |
| 11:32 | Age | Feudal Age |
| 11:33 | Build | Stable |
| 11:35 | Create | Villager (Male) |
| 11:37 | Build | Blacksmith |
| 12:23 | Research | Castle Age |
| 12:23 | Research | Castle Age |
| 13:45 | Create | Scout Cavalry |
| 14:04 | Create | Scout Cavalry |
| 14:20 | Build | Farm |
| 14:24 | Create | Scout Cavalry |
| 15:03 | Age | Castle Age |
| 15:08 | Create | Villager (Male) |
| 15:10 | Create | Knight |
| 15:22 | Create | Villager (Male) |
| 15:28 | Build | Siege Workshop |
| 15:32 | Create | Knight |
| 15:44 | Create | Villager (Male) |
| 15:47 | Build | House |
| 15:51 | Create | Knight |
| 16:08 | Create | Knight |
| 16:29 | Create | Knight |
| 16:41 | Build | Monastery |
| 16:48 | Create | Villager (Male) |
| 16:48 | Create | Villager (Male) |
| 16:51 | Build | Farm |
| 16:55 | Research | Horse Collar |
| 16:55 | Research | Horse Collar |
| 17:29 | Create | Villager (Male) |
| 17:35 | Build | House |
| 17:47 | Research | Scale Barding Armor |
| 17:49 | Create | Knight |
| 18:00 | Build | House |
| 18:04 | Create | Villager (Male) |
| 18:15 | Build | House |
| 18:16 | Create | Villager (Male) |
| 18:20 | Build | Farm |
| 18:23 | Build | Farm |
| 18:26 | Build | Farm |
| 18:39 | Create | Mangonel |
| 18:46 | Create | Villager (Male) |
| 18:49 | Build | House |
| 19:20 | Build | House |
| 19:21 | Create | Villager (Male) |
| 19:25 | Build | Town Center |
| 19:29 | Build | Farm |
| 19:42 | Build | Farm |
| 19:49 | Create | Villager (Male) |
| 19:49 | Create | Villager (Male) |
| 19:53 | Build | Farm |
| 20:12 | Build | House |
| 20:14 | Create | Monk |
| 20:39 | Create | Villager (Male) |
| 20:39 | Create | Villager (Male) |
| 20:57 | Create | Villager (Male) |
| 20:57 | Create | Villager (Male) |
| 20:58 | Create | Villager (Male) |
| 21:03 | Build | Farm |
| 21:03 | Build | Farm |
| 21:05 | Create | Villager (Male) |
| 21:06 | Create | Villager (Male) |
| 21:22 | Build | Farm |
| 21:26 | Build | Farm |
| 21:33 | Build | Farm |
| 21:34 | Create | Knight |
| 21:35 | Create | Knight |
| 22:00 | Create | Villager (Male) |
| 22:06 | Build | Farm |
| 22:06 | Build | Farm |
| 22:16 | Create | Monk |
| 22:23 | Create | Villager (Male) |
| 22:24 | Create | Villager (Male) |
| 22:28 | Build | Farm |
| 22:40 | Create | Villager (Male) |
| 22:43 | Create | Knight |
| 23:02 | Create | Mangonel |
| 23:03 | Create | Mangonel |
| 23:05 | Create | Villager (Male) |
| 23:06 | Create | Villager (Male) |
| 23:21 | Create | Villager (Male) |
| 23:22 | Create | Villager (Male) |
| 23:27 | Research | Bloodlines |
| 23:40 | Research | Double-Bit Axe |
| 23:40 | Research | Double-Bit Axe |
| 23:46 | Create | Villager (Male) |
| 23:49 | Create | Villager (Male) |
| 24:04 | Create | Villager (Male) |
| 24:06 | Create | Villager (Male) |
| 24:17 | Build | Town Center |
| 24:33 | Create | Villager (Male) |
| 24:34 | Research | Wheelbarrow |
| 24:42 | Build | Farm |
| 24:55 | Create | Villager (Male) |
| 24:56 | Create | Villager (Male) |
| 25:17 | Build | Market |
| 25:20 | Build | House |
| 25:21 | Build | House |
| 25:22 | Build | House |
| 25:56 | Create | Villager (Male) |
| 25:57 | Create | Villager (Male) |
| 25:57 | Create | Villager (Male) |
| 25:58 | Create | Villager (Male) |
| 26:07 | Build | Town Center |
| 26:14 | Create | Villager (Male) |
| 26:15 | Create | Villager (Male) |
| 26:20 | Build | Farm |
| 26:25 | Research | Bow Saw |
Build order — lion_
First 150 of 1526 actions detected
| 0:01 | Create | Villager (Male) |
| 0:03 | Build | House |
| 0:04 | Build | House |
| 0:16 | Create | Villager (Male) |
| 0:16 | Create | Villager (Male) |
| 0:16 | Create | Villager (Male) |
| 0:38 | Research | Loom |
| 0:38 | Create | Villager (Male) |
| 0:39 | Create | Villager (Male) |
| 0:45 | Build | Palisade Wall |
| 0:51 | Build | Palisade Wall |
| 1:02 | Build | Palisade Wall |
| 1:46 | Create | Villager (Male) |
| 2:24 | Create | Villager (Male) |
| 2:24 | Create | Villager (Male) |
| 2:50 | Create | Villager (Male) |
| 3:34 | Create | Villager (Male) |
| 3:55 | Create | Villager (Male) |
| 3:55 | Create | Villager (Male) |
| 4:23 | Create | Villager (Male) |
| 4:54 | Build | Palisade Wall |
| 5:38 | Create | Villager (Male) |
| 6:05 | Create | Villager (Male) |
| 6:23 | Build | Palisade Wall |
| 6:48 | Create | Villager (Male) |
| 6:50 | Create | Villager (Male) |
| 8:04 | Create | Villager (Male) |
| 8:38 | Create | Villager (Male) |
| 9:00 | Create | Villager (Male) |
| 9:01 | Build | House |
| 9:50 | Build | House |
| 9:58 | Build | Palisade Wall |
| 10:24 | Build | Palisade Wall |
| 11:36 | Create | Villager (Male) |
| 11:36 | Create | Villager (Male) |
| 11:36 | Create | Villager (Male) |
| 12:02 | Build | Palisade Wall |
| 12:06 | Create | Villager (Male) |
| 12:22 | Create | Villager (Male) |
| 12:22 | Create | Villager (Male) |
| 13:48 | Create | Villager (Male) |
| 14:23 | Create | Villager (Male) |
| 14:23 | Create | Villager (Male) |
| 14:23 | Create | Villager (Male) |
| 14:36 | Create | Villager (Male) |
| 15:05 | Create | Villager (Male) |
| 15:29 | Build | Mill |
| 16:28 | Build | Building 796 |
| 16:28 | Create | Villager (Male) |
| 16:29 | Create | Villager (Male) |
| 16:38 | Create | Villager (Male) |
| 17:00 | Create | Villager (Male) |
| 17:04 | Build | House |
| 17:23 | Build | Palisade Wall |
| 17:39 | Create | Villager (Male) |
| 17:42 | Build | Lumber Camp |
| 18:19 | Create | Villager (Male) |
| 18:28 | Build | House |
| 18:48 | Create | Villager (Male) |
| 18:49 | Create | Villager (Male) |
| 19:23 | Create | Villager (Male) |
| 19:29 | Build | Dock |
| 19:38 | Create | Villager (Male) |
| 20:01 | Create | Villager (Male) |
| 20:09 | Create | Fishing Ship |
| 20:11 | Create | Fishing Ship |
| 20:12 | Create | Fishing Ship |
| 20:17 | Create | Villager (Male) |
| 20:17 | Create | Villager (Male) |
| 20:24 | Build | Palisade Wall |
| 20:32 | Build | Palisade Wall |
| 20:43 | Build | House |
| 20:52 | Build | Palisade Wall |
| 20:56 | Build | Palisade Wall |
| 21:23 | Create | Villager (Male) |
| 21:35 | Build | Mining Camp |
| 21:40 | Create | Fishing Ship |
| 22:09 | Create | Villager (Male) |
| 22:33 | Research | Feudal Age |
| 22:33 | Research | Feudal Age |
| 23:10 | Create | Fishing Ship |
| 23:10 | Create | Fishing Ship |
| 23:13 | Build | House |
| 23:57 | Build | Lumber Camp |
| 24:13 | Create | Fishing Ship |
| 24:18 | Build | House |
| 24:26 | Create | Villager (Male) |
| 24:31 | Build | House |
| 24:44 | Age | Feudal Age |
| 24:45 | Build | Market |
| 24:46 | Build | Blacksmith |
| 25:09 | Create | Villager (Male) |
| 25:17 | Build | Mining Camp |
| 25:28 | Research | Castle Age |
| 25:57 | Build | Stone Wall |
| 26:06 | Build | Stone Wall |
| 26:08 | Build | Stone Wall |
| 26:26 | Build | Stone Wall |
| 27:04 | Research | Stone Mining |
| 27:08 | Build | Fish Trap |
| 27:12 | Create | Fishing Ship |
| 27:16 | Build | Fish Trap |
| 27:22 | Build | Fish Trap |
| 27:26 | Create | Fishing Ship |
| 27:34 | Build | Fish Trap |
| 27:35 | Create | Fishing Ship |
| 27:36 | Create | Villager (Male) |
| 28:14 | Age | Castle Age |
| 28:22 | Build | Castle |
| 28:49 | Build | Stone Wall |
| 28:51 | Build | Stone Wall |
| 28:55 | Build | Stone Wall |
| 29:02 | Build | Outpost |
| 29:12 | Build | Stone Wall |
| 29:13 | Create | Villager (Male) |
| 29:21 | Create | Fishing Ship |
| 29:23 | Build | Fish Trap |
| 29:24 | Create | Villager (Male) |
| 29:49 | Build | Mining Camp |
| 29:56 | Create | Fishing Ship |
| 30:09 | Create | Villager (Male) |
| 30:18 | Build | Stone Wall |
| 30:20 | Build | Stone Wall |
| 30:21 | Build | Stone Wall |
| 30:21 | Build | Stone Wall |
| 30:21 | Build | Stone Wall |
| 30:22 | Build | Stone Wall |
| 30:22 | Build | Stone Wall |
| 30:22 | Build | Stone Wall |
| 30:23 | Build | Stone Wall |
| 30:23 | Build | Stone Wall |
| 30:23 | Build | Stone Wall |
| 30:24 | Build | Stone Wall |
| 30:35 | Build | University |
| 30:39 | Create | Villager (Male) |
| 31:04 | Build | Town Center |
| 31:07 | Build | Town Center |
| 31:12 | Create | Villager (Male) |
| 31:16 | Build | Town Center |
| 31:18 | Create | Villager (Male) |
| 31:18 | Create | Villager (Male) |
| 31:19 | Create | Villager (Male) |
| 31:19 | Create | Villager (Male) |
| 31:25 | Build | University |
| 31:26 | Create | Villager (Male) |
| 31:30 | Research | Double-Bit Axe |
| 31:32 | Create | Villager (Male) |
| 31:52 | Build | Stone Wall |
| 31:56 | Build | Stone Wall |
| 31:58 | Create | Villager (Male) |
Build order — Caram
First 150 of 764 actions detected
| 0:00 | Create | Villager (Male) |
| 0:01 | Create | Villager (Male) |
| 0:01 | Create | Villager (Male) |
| 0:02 | Build | House |
| 0:04 | Build | House |
| 0:14 | Create | Villager (Male) |
| 0:56 | Research | Loom |
| 1:11 | Create | Villager (Male) |
| 1:27 | Create | Villager (Male) |
| 2:01 | Build | Lumber Camp |
| 2:27 | Create | Villager (Male) |
| 2:27 | Create | Villager (Male) |
| 2:46 | Build | Palisade Wall |
| 2:55 | Create | Villager (Male) |
| 3:39 | Create | Villager (Male) |
| 3:43 | Create | Villager (Male) |
| 3:43 | Create | Villager (Male) |
| 4:33 | Create | Villager (Male) |
| 4:33 | Create | Villager (Male) |
| 5:13 | Create | Villager (Male) |
| 5:13 | Create | Villager (Male) |
| 5:28 | Build | Palisade Wall |
| 5:38 | Create | Villager (Male) |
| 5:38 | Create | Villager (Male) |
| 5:44 | Build | Palisade Wall |
| 5:46 | Build | Palisade Wall |
| 5:47 | Create | Villager (Male) |
| 5:49 | Build | Palisade Wall |
| 5:50 | Build | Palisade Wall |
| 5:58 | Create | Villager (Male) |
| 6:03 | Build | Palisade Wall |
| 6:18 | Create | Villager (Male) |
| 6:35 | Build | House |
| 6:49 | Create | Villager (Male) |
| 6:52 | Build | Palisade Wall |
| 7:46 | Build | House |
| 8:14 | Build | Mill |
| 8:23 | Build | Palisade Wall |
| 8:25 | Build | Palisade Wall |
| 8:26 | Build | Palisade Wall |
| 9:09 | Create | Villager (Male) |
| 9:11 | Create | Villager (Male) |
| 9:12 | Create | Villager (Male) |
| 9:40 | Create | Villager (Male) |
| 9:41 | Create | Villager (Male) |
| 9:45 | Build | House |
| 10:14 | Create | Villager (Male) |
| 10:34 | Build | House |
| 11:33 | Create | Villager (Male) |
| 11:36 | Create | Villager (Male) |
| 11:50 | Build | Mining Camp |
| 12:38 | Research | Feudal Age |
| 13:18 | Create | Villager (Male) |
| 13:18 | Create | Villager (Male) |
| 14:48 | Age | Feudal Age |
| 14:50 | Build | Market |
| 14:53 | Build | Blacksmith |
| 15:27 | Build | Lumber Camp |
| 15:33 | Research | Double-Bit Axe |
| 15:38 | Research | Castle Age |
| 15:50 | Build | Stone Wall |
| 15:51 | Build | Stone Wall |
| 15:54 | Build | Outpost |
| 16:04 | Build | Stone Wall |
| 16:10 | Build | Stone Wall |
| 16:12 | Build | Stone Wall |
| 16:14 | Build | Stone Wall |
| 16:22 | Build | Outpost |
| 16:26 | Research | Horse Collar |
| 16:27 | Research | Horse Collar |
| 16:55 | Create | Villager (Male) |
| 17:36 | Build | Stone Wall |
| 17:39 | Create | Villager (Male) |
| 17:46 | Build | House |
| 18:18 | Age | Castle Age |
| 18:31 | Create | Villager (Male) |
| 18:35 | Build | Town Center |
| 18:44 | Build | Town Center |
| 18:49 | Create | Villager (Male) |
| 18:49 | Create | Villager (Male) |
| 18:58 | Create | Villager (Male) |
| 19:17 | Research | Bow Saw |
| 19:25 | Research | Town Watch |
| 19:27 | Create | Villager (Male) |
| 19:28 | Create | Villager (Male) |
| 19:41 | Create | Villager (Male) |
| 19:48 | Build | Farm |
| 19:49 | Build | Farm |
| 19:53 | Build | Farm |
| 20:00 | Create | Villager (Male) |
| 20:08 | Create | Villager (Male) |
| 20:09 | Create | Villager (Male) |
| 20:15 | Build | Farm |
| 20:16 | Build | Farm |
| 20:21 | Build | Farm |
| 20:26 | Build | House |
| 20:33 | Create | Villager (Male) |
| 20:33 | Create | Villager (Male) |
| 20:46 | Build | Farm |
| 20:51 | Build | Farm |
| 20:53 | Build | Farm |
| 20:54 | Build | Farm |
| 21:02 | Build | House |
| 21:03 | Build | House |
| 21:05 | Create | Villager (Male) |
| 21:10 | Build | Farm |
| 21:11 | Build | Farm |
| 21:18 | Create | Villager (Male) |
| 21:18 | Create | Villager (Male) |
| 21:33 | Build | Stone Wall |
| 21:36 | Build | Stone Wall |
| 21:37 | Build | Stone Wall |
| 21:49 | Build | Stone Wall |
| 21:50 | Create | Villager (Male) |
| 21:51 | Create | Villager (Male) |
| 21:55 | Build | Mining Camp |
| 22:03 | Research | Heavy Plow |
| 22:27 | Build | Lumber Camp |
| 22:33 | Build | House |
| 22:33 | Build | House |
| 22:34 | Create | Villager (Male) |
| 22:34 | Create | Villager (Male) |
| 22:42 | Build | Stone Wall |
| 22:53 | Build | Stone Wall |
| 23:00 | Create | Villager (Male) |
| 23:00 | Create | Villager (Male) |
| 23:05 | Build | University |
| 23:07 | Create | Villager (Male) |
| 23:07 | Create | Villager (Male) |
| 23:10 | Build | Farm |
| 23:17 | Create | Villager (Male) |
| 23:25 | Create | Villager (Male) |
| 23:32 | Create | Villager (Male) |
| 23:32 | Create | Villager (Male) |
| 23:35 | Build | Farm |
| 23:39 | Create | Villager (Male) |
| 23:42 | Build | House |
| 23:42 | Build | House |
| 23:47 | Build | Farm |
| 23:56 | Build | Farm |
| 23:58 | Build | Farm |
| 23:59 | Build | Farm |
| 24:00 | Build | Farm |
| 24:11 | Create | Villager (Male) |
| 24:19 | Create | Villager (Male) |
| 24:20 | Create | Villager (Male) |
| 24:30 | Create | Villager (Male) |
| 24:46 | Build | Town Center |
| 24:48 | Create | Villager (Male) |
| 24:48 | Create | Villager (Male) |
Build order — MysticCloudZ
First 150 of 1032 actions detected
| 0:03 | Create | Villager (Male) |
| 0:03 | Create | Villager (Male) |
| 0:04 | Create | Villager (Male) |
| 0:04 | Create | Villager (Male) |
| 0:06 | Build | House |
| 0:07 | Build | House |
| 1:33 | Create | Villager (Male) |
| 1:34 | Create | Villager (Male) |
| 1:55 | Create | Villager (Male) |
| 2:24 | Create | Villager (Male) |
| 2:48 | Create | Villager (Male) |
| 2:48 | Create | Villager (Male) |
| 3:19 | Create | Villager (Male) |
| 3:23 | Build | Lumber Camp |
| 3:35 | Create | Villager (Male) |
| 3:51 | Build | House |
| 4:02 | Create | Villager (Male) |
| 4:34 | Create | Villager (Male) |
| 5:07 | Create | Villager (Male) |
| 5:15 | Create | Villager (Male) |
| 5:15 | Create | Villager (Male) |
| 5:58 | Build | House |
| 6:18 | Build | Dock |
| 6:20 | Create | Villager (Male) |
| 6:20 | Create | Villager (Male) |
| 6:48 | Build | House |
| 6:55 | Create | Villager (Male) |
| 6:56 | Create | Villager (Male) |
| 7:02 | Create | Fishing Ship |
| 7:03 | Create | Fishing Ship |
| 7:19 | Build | House |
| 7:20 | Create | Villager (Male) |
| 7:27 | Create | Fishing Ship |
| 7:37 | Research | Loom |
| 8:00 | Create | Villager (Male) |
| 8:06 | Build | Mill |
| 8:15 | Build | House |
| 8:19 | Create | Villager (Male) |
| 8:21 | Create | Fishing Ship |
| 8:23 | Create | Villager (Male) |
| 9:06 | Build | House |
| 9:08 | Build | Palisade Wall |
| 9:29 | Create | Villager (Male) |
| 9:31 | Create | Fishing Ship |
| 9:59 | Create | Villager (Male) |
| 10:06 | Create | Fishing Ship |
| 10:23 | Research | Feudal Age |
| 10:24 | Create | Fishing Ship |
| 11:04 | Build | Mining Camp |
| 11:38 | Create | Villager (Male) |
| 12:38 | Age | Feudal Age |
| 12:40 | Build | Market |
| 12:42 | Build | Blacksmith |
| 12:45 | Research | Horse Collar |
| 12:50 | Research | Double-Bit Axe |
| 12:57 | Research | Tech 906 |
| 13:03 | Create | Villager (Male) |
| 13:35 | Research | Castle Age |
| 13:41 | Build | Lumber Camp |
| 14:02 | Build | House |
| 14:11 | Build | Fish Trap |
| 14:25 | Create | Villager (Male) |
| 14:56 | Build | House |
| 15:03 | Build | Fish Trap |
| 15:43 | Build | House |
| 15:44 | Build | House |
| 16:05 | Build | Barracks |
| 16:15 | Age | Castle Age |
| 16:20 | Research | Gillnets |
| 16:21 | Research | Bow Saw |
| 16:24 | Create | Villager (Male) |
| 16:25 | Create | Villager (Male) |
| 16:36 | Build | Fish Trap |
| 16:37 | Build | Fish Trap |
| 16:40 | Build | Fish Trap |
| 16:42 | Build | Fish Trap |
| 16:46 | Build | House |
| 16:48 | Build | Fish Trap |
| 17:22 | Create | Villager (Male) |
| 17:24 | Build | House |
| 17:27 | Build | House |
| 17:28 | Build | House |
| 17:32 | Create | Fishing Ship |
| 17:46 | Create | Fishing Ship |
| 17:47 | Create | Villager (Male) |
| 17:54 | Build | Dock |
| 18:07 | Create | Villager (Male) |
| 18:12 | Research | Gold Mining |
| 18:14 | Build | Town Center |
| 18:22 | Build | Fish Trap |
| 18:26 | Create | Villager (Male) |
| 18:26 | Create | Villager (Male) |
| 18:32 | Research | Fletching |
| 18:39 | Create | Fishing Ship |
| 18:41 | Build | House |
| 19:03 | Build | Archery Range |
| 19:06 | Build | Archery Range |
| 19:09 | Build | Fish Trap |
| 19:10 | Create | Villager (Male) |
| 19:19 | Build | House |
| 19:19 | Build | House |
| 19:20 | Build | House |
| 19:21 | Build | House |
| 19:27 | Build | Fish Trap |
| 19:31 | Create | Villager (Male) |
| 19:31 | Create | Villager (Male) |
| 19:31 | Create | Villager (Male) |
| 19:32 | Create | Villager (Male) |
| 19:34 | Create | Villager (Male) |
| 19:51 | Build | Town Center |
| 19:55 | Create | Villager (Male) |
| 20:01 | Build | House |
| 20:16 | Build | Archery Range |
| 20:19 | Create | Elephant Archer |
| 20:19 | Create | Elephant Archer |
| 20:20 | Research | Bodkin Arrow |
| 20:39 | Build | Dock |
| 20:42 | Create | Fishing Ship |
| 20:44 | Create | Fishing Ship |
| 20:46 | Build | House |
| 20:47 | Build | House |
| 20:52 | Create | Villager (Male) |
| 20:53 | Create | Villager (Male) |
| 20:54 | Build | House |
| 20:54 | Build | House |
| 20:55 | Build | House |
| 20:56 | Create | Villager (Male) |
| 20:56 | Create | Villager (Male) |
| 20:56 | Create | Villager (Male) |
| 20:56 | Create | Villager (Male) |
| 20:57 | Create | Villager (Male) |
| 20:58 | Create | Villager (Male) |
| 21:20 | Build | House |
| 21:21 | Build | House |
| 21:22 | Build | House |
| 21:22 | Build | House |
| 21:23 | Create | Villager (Male) |
| 21:24 | Create | Villager (Male) |
| 21:24 | Create | Villager (Male) |
| 21:31 | Create | Fishing Ship |
| 21:31 | Create | Fishing Ship |
| 21:32 | Build | Fish Trap |
| 21:36 | Build | Fish Trap |
| 21:38 | Create | Fishing Ship |
| 21:42 | Create | Fishing Ship |
| 21:43 | Create | Fishing Ship |
| 21:48 | Research | Wheelbarrow |
| 21:54 | Build | House |
| 21:55 | Build | House |
| 21:55 | Build | House |
Build order — Mo_Tastic
First 150 of 753 actions detected
| 0:01 | Create | Villager (Male) |
| 0:01 | Create | Villager (Male) |
| 0:21 | Create | Villager (Male) |
| 0:21 | Create | Villager (Male) |
| 0:21 | Create | Villager (Male) |
| 0:42 | Research | Loom |
| 0:43 | Create | Villager (Male) |
| 0:43 | Create | Villager (Male) |
| 0:43 | Create | Villager (Male) |
| 1:32 | Build | Palisade Wall |
| 1:41 | Build | Palisade Wall |
| 1:42 | Build | Palisade Wall |
| 1:49 | Create | Villager (Male) |
| 2:22 | Create | Villager (Male) |
| 2:30 | Build | Palisade Wall |
| 2:33 | Build | Palisade Wall |
| 2:34 | Build | Palisade Wall |
| 2:36 | Build | Palisade Wall |
| 3:09 | Create | Villager (Male) |
| 3:36 | Build | Palisade Wall |
| 3:42 | Create | Villager (Male) |
| 3:43 | Create | Villager (Male) |
| 4:18 | Create | Villager (Male) |
| 4:52 | Create | Villager (Male) |
| 5:11 | Build | Palisade Wall |
| 5:15 | Create | Villager (Male) |
| 5:15 | Create | Villager (Male) |
| 5:42 | Create | Villager (Male) |
| 5:42 | Create | Villager (Male) |
| 6:03 | Create | Villager (Male) |
| 6:04 | Create | Villager (Male) |
| 6:29 | Build | Palisade Wall |
| 6:56 | Create | Villager (Male) |
| 6:57 | Create | Villager (Male) |
| 7:26 | Create | Villager (Male) |
| 7:26 | Create | Villager (Male) |
| 7:33 | Build | Palisade Wall |
| 7:36 | Create | Villager (Male) |
| 7:37 | Create | Villager (Male) |
| 8:12 | Create | Villager (Male) |
| 8:12 | Create | Villager (Male) |
| 8:19 | Build | Palisade Wall |
| 8:27 | Build | Palisade Wall |
| 8:41 | Build | Palisade Wall |
| 9:17 | Create | Villager (Male) |
| 9:17 | Create | Villager (Male) |
| 9:48 | Build | Lumber Camp |
| 10:11 | Create | Villager (Male) |
| 10:12 | Create | Villager (Male) |
| 11:09 | Create | Villager (Male) |
| 11:09 | Create | Villager (Male) |
| 11:59 | Build | Palisade Wall |
| 12:03 | Build | Palisade Gate |
| 12:10 | Create | Villager (Male) |
| 12:11 | Create | Villager (Male) |
| 12:15 | Build | Building 796 |
| 12:34 | Build | Palisade Wall |
| 12:39 | Build | Palisade Wall |
| 12:42 | Create | Villager (Male) |
| 12:43 | Create | Villager (Male) |
| 13:03 | Build | Palisade Wall |
| 13:27 | Create | Villager (Male) |
| 13:27 | Create | Villager (Male) |
| 13:32 | Build | Mill |
| 13:34 | Create | Villager (Male) |
| 13:35 | Create | Villager (Male) |
| 14:19 | Build | Palisade Wall |
| 14:24 | Build | Palisade Wall |
| 14:30 | Build | Palisade Wall |
| 14:34 | Build | Palisade Wall |
| 15:01 | Create | Villager (Male) |
| 15:01 | Create | Villager (Male) |
| 15:01 | Create | Villager (Male) |
| 15:02 | Create | Villager (Male) |
| 15:29 | Build | Palisade Wall |
| 16:05 | Create | Villager (Male) |
| 16:06 | Create | Villager (Male) |
| 16:06 | Create | Villager (Male) |
| 16:47 | Create | Villager (Male) |
| 16:48 | Create | Villager (Male) |
| 17:02 | Build | Farm |
| 17:04 | Build | Farm |
| 17:06 | Build | Farm |
| 17:43 | Build | Farm |
| 17:44 | Build | Farm |
| 17:49 | Build | Farm |
| 17:52 | Build | Farm |
| 18:24 | Build | Palisade Wall |
| 18:30 | Create | Villager (Male) |
| 18:30 | Create | Villager (Male) |
| 18:47 | Create | Villager (Male) |
| 18:48 | Create | Villager (Male) |
| 19:00 | Create | Villager (Male) |
| 19:00 | Create | Villager (Male) |
| 19:01 | Create | Villager (Male) |
| 19:12 | Create | Villager (Male) |
| 19:27 | Build | Mining Camp |
| 19:47 | Create | Villager (Male) |
| 20:20 | Create | Villager (Male) |
| 21:23 | Create | Villager (Male) |
| 21:46 | Research | Feudal Age |
| 23:57 | Create | Villager (Male) |
| 23:57 | Create | Villager (Male) |
| 24:00 | Age | Feudal Age |
| 24:01 | Build | Market |
| 24:04 | Build | Blacksmith |
| 24:50 | Research | Castle Age |
| 24:50 | Research | Castle Age |
| 25:14 | Research | Double-Bit Axe |
| 25:14 | Research | Horse Collar |
| 25:15 | Research | Horse Collar |
| 27:30 | Age | Castle Age |
| 27:31 | Build | Town Center |
| 27:35 | Build | Town Center |
| 27:38 | Research | Bow Saw |
| 27:39 | Create | Villager (Male) |
| 27:39 | Create | Villager (Male) |
| 27:40 | Research | Heavy Plow |
| 28:08 | Create | Villager (Male) |
| 28:27 | Build | Town Center |
| 28:29 | Create | Villager (Male) |
| 28:36 | Create | Villager (Male) |
| 28:50 | Create | Villager (Male) |
| 28:51 | Create | Villager (Male) |
| 28:51 | Create | Villager (Male) |
| 28:57 | Build | Farm |
| 28:59 | Create | Villager (Male) |
| 29:06 | Build | Stone Wall |
| 29:08 | Create | Villager (Male) |
| 29:11 | Build | Farm |
| 29:12 | Create | Villager (Male) |
| 29:19 | Build | Farm |
| 29:20 | Create | Villager (Male) |
| 29:20 | Create | Villager (Male) |
| 29:33 | Build | Farm |
| 29:36 | Build | Farm |
| 29:38 | Create | Villager (Male) |
| 29:49 | Build | Farm |
| 29:51 | Create | Villager (Male) |
| 29:52 | Create | Villager (Male) |
| 29:59 | Build | Farm |
| 30:02 | Build | Farm |
| 30:16 | Create | Villager (Male) |
| 30:23 | Build | Farm |
| 30:26 | Build | Farm |
| 30:29 | Build | Farm |
| 30:34 | Build | Farm |
| 30:35 | Create | Villager (Male) |
| 30:36 | Create | Villager (Male) |
| 30:40 | Build | Building 673 |
Build order — Mubeen
First 150 of 828 actions detected
| 0:01 | Create | Villager (Male) |
| 0:03 | Build | House |
| 0:04 | Build | House |
| 0:10 | Build | House |
| 0:14 | Create | Villager (Male) |
| 0:14 | Create | Villager (Male) |
| 0:15 | Create | Villager (Male) |
| 1:31 | Create | Villager (Male) |
| 1:52 | Build | Lumber Camp |
| 1:57 | Create | Villager (Male) |
| 2:25 | Create | Villager (Male) |
| 2:25 | Create | Villager (Male) |
| 3:03 | Create | Villager (Male) |
| 3:03 | Create | Villager (Male) |
| 3:33 | Build | House |
| 3:47 | Create | Villager (Male) |
| 4:05 | Create | Villager (Male) |
| 4:32 | Create | Villager (Male) |
| 4:32 | Create | Villager (Male) |
| 4:39 | Build | Dock |
| 5:02 | Create | Villager (Male) |
| 5:07 | Build | House |
| 5:20 | Build | House |
| 5:24 | Create | Villager (Male) |
| 5:39 | Create | Fishing Ship |
| 5:44 | Create | Villager (Male) |
| 5:59 | Create | Fishing Ship |
| 6:02 | Create | Villager (Male) |
| 6:12 | Build | House |
| 6:30 | Create | Fishing Ship |
| 6:35 | Create | Villager (Male) |
| 6:48 | Build | House |
| 7:03 | Create | Villager (Male) |
| 7:12 | Create | Fishing Ship |
| 7:36 | Create | Villager (Male) |
| 7:37 | Create | Fishing Ship |
| 8:00 | Create | Villager (Male) |
| 8:02 | Create | Villager (Male) |
| 8:22 | Build | Mill |
| 8:37 | Create | Villager (Male) |
| 8:45 | Research | Loom |
| 8:55 | Create | Fishing Ship |
| 9:08 | Create | Villager (Male) |
| 9:12 | Create | Villager (Male) |
| 9:35 | Build | Palisade Wall |
| 9:36 | Build | Palisade Wall |
| 9:39 | Build | Palisade Wall |
| 9:45 | Create | Fishing Ship |
| 9:51 | Build | Palisade Wall |
| 9:59 | Build | Mining Camp |
| 10:10 | Research | Feudal Age |
| 10:18 | Create | Fishing Ship |
| 10:30 | Build | Palisade Gate |
| 10:53 | Build | Palisade Wall |
| 10:56 | Build | Palisade Wall |
| 11:04 | Build | Palisade Wall |
| 11:11 | Build | Palisade Wall |
| 11:23 | Build | Palisade Wall |
| 11:33 | Build | Palisade Wall |
| 11:42 | Build | Palisade Wall |
| 11:58 | Create | Villager (Male) |
| 12:20 | Age | Feudal Age |
| 12:26 | Build | Market |
| 12:30 | Build | Blacksmith |
| 12:46 | Create | Villager (Male) |
| 12:50 | Build | Lumber Camp |
| 13:19 | Research | Castle Age |
| 13:28 | Research | Double-Bit Axe |
| 13:33 | Research | Tech 906 |
| 13:33 | Research | Tech 906 |
| 13:37 | Build | Fish Trap |
| 14:04 | Build | Fish Trap |
| 14:08 | Build | Fish Trap |
| 14:20 | Create | Villager (Male) |
| 14:29 | Build | Fish Trap |
| 14:33 | Build | Fish Trap |
| 14:35 | Create | Fishing Ship |
| 14:39 | Build | House |
| 15:59 | Age | Castle Age |
| 16:02 | Build | Town Center |
| 16:12 | Build | Town Center |
| 16:15 | Research | Gillnets |
| 16:17 | Research | Bow Saw |
| 16:18 | Create | Villager (Male) |
| 16:31 | Build | Fish Trap |
| 16:41 | Create | Villager (Male) |
| 16:54 | Create | Villager (Male) |
| 17:03 | Build | Fish Trap |
| 17:04 | Create | Villager (Male) |
| 17:21 | Build | Dock |
| 17:25 | Create | Villager (Male) |
| 17:27 | Create | Villager (Male) |
| 17:29 | Create | Villager (Male) |
| 17:42 | Build | Monastery |
| 17:43 | Create | Villager (Male) |
| 17:45 | Create | Villager (Male) |
| 17:49 | Build | House |
| 17:58 | Create | Villager (Male) |
| 18:00 | Build | Dock |
| 18:04 | Create | Villager (Male) |
| 18:05 | Create | Fishing Ship |
| 18:05 | Create | Fishing Ship |
| 18:10 | Create | Villager (Male) |
| 18:10 | Create | Villager (Male) |
| 18:12 | Create | Fishing Ship |
| 18:16 | Create | Villager (Male) |
| 18:19 | Build | House |
| 18:20 | Build | House |
| 18:30 | Build | House |
| 18:31 | Create | Monk |
| 18:36 | Create | Villager (Male) |
| 18:40 | Build | Dock |
| 18:44 | Create | Fishing Ship |
| 18:44 | Create | Villager (Male) |
| 18:52 | Create | Monk |
| 18:54 | Create | Villager (Male) |
| 18:56 | Build | Fish Trap |
| 18:57 | Create | Fishing Ship |
| 19:00 | Build | Lumber Camp |
| 19:01 | Create | Villager (Male) |
| 19:07 | Build | House |
| 19:08 | Build | House |
| 19:14 | Create | Fishing Ship |
| 19:16 | Build | House |
| 19:18 | Create | Villager (Male) |
| 19:18 | Create | Villager (Male) |
| 19:24 | Build | Dock |
| 19:31 | Build | Fish Trap |
| 19:33 | Create | Fishing Ship |
| 19:34 | Create | Villager (Male) |
| 19:34 | Create | Villager (Male) |
| 19:41 | Create | Villager (Male) |
| 19:44 | Build | Lumber Camp |
| 19:47 | Create | Villager (Male) |
| 19:52 | Build | Fish Trap |
| 19:57 | Build | Fish Trap |
| 20:02 | Build | Fish Trap |
| 20:05 | Create | Villager (Male) |
| 20:05 | Create | Villager (Male) |
| 20:08 | Build | Fish Trap |
| 20:13 | Build | House |
| 20:13 | Create | Villager (Male) |
| 20:17 | Build | Fish Trap |
| 20:18 | Create | Villager (Male) |
| 20:23 | Build | Fish Trap |
| 20:25 | Build | House |
| 20:26 | Build | House |
| 20:30 | Create | Monk |
| 20:33 | Build | House |
| 20:34 | Create | Fishing Ship |
Build order — Wingardium Leviosa
First 150 of 926 actions detected
| 0:00 | Create | Villager (Male) |
| 0:01 | Create | Villager (Male) |
| 0:01 | Create | Villager (Male) |
| 0:02 | Build | House |
| 0:03 | Build | House |
| 0:20 | Create | Villager (Male) |
| 0:36 | Research | Loom |
| 0:50 | Create | Villager (Male) |
| 1:00 | Create | Villager (Male) |
| 1:18 | Build | Palisade Wall |
| 1:42 | Create | Villager (Male) |
| 2:18 | Create | Villager (Male) |
| 2:25 | Build | Lumber Camp |
| 2:41 | Create | Villager (Male) |
| 3:17 | Create | Villager (Male) |
| 3:40 | Build | House |
| 3:45 | Create | Villager (Male) |
| 4:14 | Create | Villager (Male) |
| 4:20 | Create | Villager (Male) |
| 4:36 | Build | Palisade Wall |
| 4:41 | Build | Palisade Wall |
| 4:56 | Create | Villager (Male) |
| 5:10 | Build | House |
| 5:19 | Create | Villager (Male) |
| 5:35 | Create | Villager (Male) |
| 5:46 | Build | Palisade Wall |
| 5:48 | Build | Palisade Wall |
| 5:56 | Create | Villager (Male) |
| 5:56 | Create | Villager (Male) |
| 6:41 | Build | Palisade Wall |
| 7:04 | Create | Villager (Male) |
| 7:21 | Build | House |
| 7:24 | Build | Mill |
| 7:26 | Create | Villager (Male) |
| 7:27 | Create | Villager (Male) |
| 7:38 | Create | Villager (Male) |
| 8:11 | Create | Villager (Male) |
| 8:26 | Create | Villager (Male) |
| 8:46 | Create | Villager (Male) |
| 9:11 | Build | House |
| 9:13 | Create | Villager (Male) |
| 9:57 | Create | Villager (Male) |
| 10:19 | Research | Feudal Age |
| 10:42 | Build | Dock |
| 11:13 | Build | House |
| 11:26 | Build | Dock |
| 11:40 | Create | Villager (Male) |
| 11:42 | Build | Lumber Camp |
| 11:43 | Create | Villager (Male) |
| 12:08 | Create | Villager (Male) |
| 12:32 | Create | Fishing Ship |
| 12:34 | Age | Feudal Age |
| 12:46 | Build | Stone Wall |
| 13:10 | Create | Villager (Male) |
| 13:28 | Build | Stone Wall |
| 13:29 | Build | Stone Wall |
| 13:29 | Build | Stone Wall |
| 13:30 | Build | Stone Wall |
| 13:31 | Build | Stone Wall |
| 13:32 | Build | Stone Wall |
| 13:32 | Build | Stone Wall |
| 13:33 | Build | Stone Wall |
| 13:35 | Create | Villager (Male) |
| 13:39 | Create | Fishing Ship |
| 13:40 | Create | Fishing Ship |
| 13:41 | Research | Double-Bit Axe |
| 14:17 | Create | Fishing Ship |
| 14:18 | Create | Villager (Male) |
| 14:25 | Build | Mining Camp |
| 14:33 | Build | Market |
| 14:46 | Create | Villager (Male) |
| 14:52 | Build | Stone Wall |
| 15:06 | Build | Blacksmith |
| 15:09 | Create | Villager (Male) |
| 15:22 | Create | Fishing Ship |
| 15:40 | Create | Fishing Ship |
| 15:56 | Build | Outpost |
| 16:12 | Create | Fishing Ship |
| 16:14 | Build | Mining Camp |
| 16:19 | Research | Castle Age |
| 16:39 | Create | Fishing Ship |
| 16:47 | Build | House |
| 16:49 | Build | House |
| 17:03 | Create | Fishing Ship |
| 17:06 | Create | Villager (Male) |
| 17:22 | Create | Fishing Ship |
| 17:23 | Create | Villager (Male) |
| 17:44 | Create | Fishing Ship |
| 17:48 | Build | House |
| 18:06 | Create | Fishing Ship |
| 18:20 | Build | House |
| 18:22 | Create | Fishing Ship |
| 18:46 | Create | Fishing Ship |
| 18:59 | Age | Castle Age |
| 19:02 | Research | Tech 906 |
| 19:06 | Build | Fish Trap |
| 19:08 | Create | Villager (Male) |
| 19:10 | Build | Fish Trap |
| 19:14 | Build | Fish Trap |
| 19:15 | Create | Villager (Male) |
| 19:20 | Build | Fish Trap |
| 19:26 | Create | Villager (Male) |
| 19:36 | Build | Fish Trap |
| 19:37 | Create | Villager (Male) |
| 19:45 | Create | Fishing Ship |
| 20:02 | Create | Villager (Male) |
| 20:04 | Build | Fish Trap |
| 20:04 | Create | Villager (Male) |
| 20:18 | Build | Fish Trap |
| 20:20 | Create | Villager (Male) |
| 20:37 | Create | Fishing Ship |
| 20:44 | Create | Villager (Male) |
| 20:46 | Build | Fish Trap |
| 20:49 | Create | Villager (Male) |
| 20:59 | Build | Castle |
| 21:04 | Create | Fishing Ship |
| 21:17 | Build | Fish Trap |
| 21:18 | Create | Villager (Male) |
| 21:20 | Build | Fish Trap |
| 21:28 | Build | Fish Trap |
| 21:30 | Create | Villager (Male) |
| 21:47 | Create | Fishing Ship |
| 21:52 | Build | Fish Trap |
| 21:52 | Create | Villager (Male) |
| 21:55 | Build | Fish Trap |
| 22:19 | Build | Fish Trap |
| 22:21 | Research | Gillnets |
| 22:36 | Build | Mining Camp |
| 22:53 | Research | Imperial Age |
| 23:16 | Create | War Wagon |
| 23:25 | Build | Fish Trap |
| 23:28 | Build | Fish Trap |
| 23:49 | Build | Fish Trap |
| 23:54 | Build | Fish Trap |
| 23:55 | Create | Villager (Male) |
| 24:01 | Create | Petard |
| 24:06 | Create | Petard |
| 24:16 | Research | Bow Saw |
| 24:41 | Research | Fletching |
| 24:42 | Create | Villager (Male) |
| 24:47 | Build | University |
| 25:07 | Build | Siege Workshop |
| 25:08 | Create | Villager (Male) |
| 25:23 | Create | War Wagon |
| 25:25 | Research | Bodkin Arrow |
| 25:30 | Create | Villager (Male) |
| 25:47 | Build | Lumber Camp |
| 26:03 | Age | Imperial Age |
| 26:07 | Research | Chemistry |
| 26:09 | Create | Villager (Male) |
Build order — Not the letter N
First 150 of 695 actions detected
| 0:00 | Create | Villager (Male) |
| 0:01 | Create | Villager (Male) |
| 0:02 | Build | House |
| 0:04 | Build | House |
| 0:17 | Create | Villager (Male) |
| 0:17 | Create | Villager (Male) |
| 1:29 | Create | Villager (Male) |
| 1:55 | Create | Villager (Male) |
| 2:45 | Build | Lumber Camp |
| 2:49 | Create | Villager (Male) |
| 2:49 | Create | Villager (Male) |
| 3:19 | Build | House |
| 3:20 | Build | House |
| 3:36 | Create | Villager (Male) |
| 3:37 | Create | Villager (Male) |
| 3:49 | Create | Villager (Male) |
| 4:35 | Create | Villager (Male) |
| 5:13 | Create | Villager (Male) |
| 5:14 | Create | Villager (Male) |
| 5:14 | Create | Villager (Male) |
| 5:47 | Create | Villager (Male) |
| 6:15 | Create | Villager (Male) |
| 7:04 | Create | Villager (Male) |
| 7:05 | Create | Villager (Male) |
| 7:15 | Build | Lumber Camp |
| 7:37 | Build | Mining Camp |
| 7:43 | Create | Villager (Male) |
| 8:11 | Build | Mill |
| 8:28 | Create | Villager (Male) |
| 8:43 | Build | House |
| 9:01 | Research | Feudal Age |
| 9:30 | Build | Barracks |
| 10:23 | Create | Villager (Male) |
| 10:23 | Create | Villager (Male) |
| 11:14 | Age | Feudal Age |
| 11:18 | Build | Archery Range |
| 11:24 | Build | Market |
| 11:38 | Build | Mining Camp |
| 11:59 | Create | Archer |
| 12:08 | Create | Villager (Male) |
| 12:22 | Research | Castle Age |
| 12:52 | Create | Archer |
| 13:00 | Build | Blacksmith |
| 13:15 | Create | Archer |
| 13:44 | Research | Fletching |
| 13:52 | Create | Archer |
| 13:55 | Build | House |
| 13:57 | Build | House |
| 13:57 | Build | House |
| 13:58 | Build | House |
| 14:06 | Build | Farm |
| 14:07 | Build | Farm |
| 14:08 | Build | Farm |
| 14:10 | Build | Farm |
| 14:44 | Create | Archer |
| 15:07 | Create | Archer |
| 15:13 | Age | Castle Age |
| 15:17 | Research | Crossbowman (upgrade) |
| 15:46 | Research | Bodkin Arrow |
| 15:50 | Create | Archer |
| 15:50 | Create | Archer |
| 16:14 | Create | Archer |
| 16:15 | Create | Archer |
| 16:33 | Create | Archer |
| 16:33 | Create | Archer |
| 16:34 | Create | Villager (Male) |
| 16:41 | Build | Farm |
| 16:41 | Build | Farm |
| 16:42 | Build | Farm |
| 16:42 | Build | Farm |
| 16:42 | Build | Farm |
| 16:42 | Build | Farm |
| 16:46 | Create | Villager (Male) |
| 16:48 | Create | Archer |
| 17:10 | Create | Archer |
| 17:10 | Create | Archer |
| 17:39 | Build | Stone Wall |
| 17:46 | Create | Villager (Male) |
| 18:03 | Build | Farm |
| 18:05 | Build | Farm |
| 18:13 | Build | Stone Wall |
| 18:32 | Research | Double-Bit Axe |
| 18:34 | Research | Horse Collar |
| 18:53 | Create | Villager (Male) |
| 18:54 | Create | Villager (Male) |
| 18:58 | Research | Bow Saw |
| 19:22 | Build | Building 490 |
| 19:36 | Research | Gold Mining |
| 19:38 | Create | Villager (Male) |
| 19:46 | Build | Town Center |
| 20:17 | Create | Villager (Male) |
| 20:17 | Create | Villager (Male) |
| 20:29 | Create | Villager (Male) |
| 20:57 | Build | Siege Workshop |
| 21:16 | Create | Villager (Male) |
| 21:16 | Create | Villager (Male) |
| 21:18 | Create | Villager (Male) |
| 21:20 | Build | Farm |
| 21:20 | Build | Farm |
| 21:20 | Build | Farm |
| 21:21 | Build | Farm |
| 21:21 | Build | Farm |
| 21:21 | Build | Farm |
| 21:21 | Build | Farm |
| 21:22 | Build | Farm |
| 21:33 | Create | Villager (Male) |
| 21:48 | Create | Mangonel |
| 21:58 | Create | Villager (Male) |
| 22:06 | Create | Villager (Male) |
| 22:31 | Create | Villager (Male) |
| 22:42 | Build | Stone Wall |
| 22:43 | Build | Stone Wall |
| 22:45 | Build | Stone Wall |
| 23:05 | Create | Villager (Male) |
| 23:05 | Create | Villager (Male) |
| 23:15 | Create | Villager (Male) |
| 23:16 | Create | Villager (Male) |
| 23:21 | Build | Town Center |
| 23:22 | Create | Villager (Male) |
| 23:23 | Create | Villager (Male) |
| 23:31 | Build | Outpost |
| 23:33 | Research | Town Watch |
| 23:43 | Build | Farm |
| 23:45 | Build | House |
| 23:46 | Build | House |
| 23:47 | Build | House |
| 23:48 | Build | House |
| 23:48 | Build | House |
| 23:49 | Build | House |
| 23:50 | Build | House |
| 23:51 | Build | House |
| 23:51 | Build | House |
| 24:01 | Create | Villager (Male) |
| 24:01 | Create | Villager (Male) |
| 24:12 | Create | Villager (Male) |
| 24:25 | Research | Stone Mining |
| 24:40 | Create | Villager (Male) |
| 24:45 | Build | Farm |
| 24:45 | Build | Farm |
| 24:46 | Build | Farm |
| 24:46 | Build | Farm |
| 24:46 | Build | Farm |
| 24:47 | Build | Farm |
| 24:47 | Build | Farm |
| 24:47 | Build | Farm |
| 24:59 | Build | Stone Wall |
| 25:32 | Create | Villager (Male) |
| 25:32 | Create | Villager (Male) |
| 25:50 | Create | Villager (Male) |
| 25:50 | Create | Villager (Male) |
Match timeline
| 0:45 | lion_ · wall_segment Palisade Wall x14 |
| 0:51 | lion_ · wall_segment Palisade Wall x1 |
| 1:02 | lion_ · wall_segment Palisade Wall x1 |
| 1:18 | Wingardium Leviosa · wall_segment Palisade Wall x6 |
| 1:32 | Mo_Tastic · wall_segment Palisade Wall x3 |
| 1:41 | Mo_Tastic · wall_segment Palisade Wall x1 |
| 1:42 | Mo_Tastic · wall_segment Palisade Wall x1 |
| 2:30 | Mo_Tastic · wall_segment Palisade Wall x1 |
| 2:33 | Mo_Tastic · wall_segment Palisade Wall x1 |
| 2:34 | Mo_Tastic · wall_segment Palisade Wall x1 |
| 2:36 | Mo_Tastic · wall_segment Palisade Wall x1 |
| 2:46 | Caram · wall_segment Palisade Wall x11 |
| 3:36 | Mo_Tastic · wall_segment Palisade Wall x1 |
| 4:36 | Wingardium Leviosa · wall_segment Palisade Wall x4 |
| 4:39 | Mubeen · first_building Dock |
| 4:41 | Wingardium Leviosa · wall_segment Palisade Wall x6 |
| 4:54 | lion_ · wall_segment Palisade Wall x3 |
| 5:11 | Mo_Tastic · wall_segment Palisade Wall x8 |
| 5:28 | Caram · wall_segment Palisade Wall x1 |
| 5:44 | Caram · wall_segment Palisade Wall x3 |
| 5:46 | Caram · wall_segment Palisade Wall x3 |
| 5:46 | Wingardium Leviosa · wall_segment Palisade Wall x1 |
| 5:48 | Wingardium Leviosa · wall_segment Palisade Wall x1 |
| 5:49 | Caram · wall_segment Palisade Wall x1 |
| 5:50 | Caram · wall_segment Palisade Wall x1 |
| 6:03 | Caram · wall_segment Palisade Wall x1 |
| 6:18 | MysticCloudZ · first_building Dock |
| 6:23 | lion_ · wall_segment Palisade Wall x1 |
| 6:29 | Mo_Tastic · wall_segment Palisade Wall x1 |
| 6:41 | Wingardium Leviosa · wall_segment Palisade Wall x1 |
| 6:52 | Caram · wall_segment Palisade Wall x1 |
| 7:33 | Mo_Tastic · wall_segment Palisade Wall x1 |
| 8:19 | Mo_Tastic · wall_segment Palisade Wall x1 |
| 8:23 | Caram · wall_segment Palisade Wall x5 |
| 8:25 | Caram · wall_segment Palisade Wall x5 |
| 8:26 | Caram · wall_segment Palisade Wall x1 |
| 8:27 | Mo_Tastic · wall_segment Palisade Wall x1 |
| 8:41 | Mo_Tastic · wall_segment Palisade Wall x1 |
| 9:08 | MysticCloudZ · wall_segment Palisade Wall x2 |
| 9:30 | Not the letter N · first_building Barracks |
| 9:35 | Mubeen · wall_segment Palisade Wall x1 |
| 9:36 | Mubeen · wall_segment Palisade Wall x1 |
| 9:39 | Mubeen · wall_segment Palisade Wall x1 |
| 9:51 | Mubeen · wall_segment Palisade Wall x1 |
| 9:58 | lion_ · wall_segment Palisade Wall x9 |
| 10:24 | lion_ · wall_segment Palisade Wall x1 |
| 10:28 | Monkey_D_Luffy · first_building Barracks |
| 10:42 | Wingardium Leviosa · first_building Dock |
| 10:53 | Mubeen · wall_segment Palisade Wall x1 |
| 10:56 | Mubeen · wall_segment Palisade Wall x1 |
| 11:04 | Mubeen · wall_segment Palisade Wall x1 |
| 11:11 | Mubeen · wall_segment Palisade Wall x1 |
| 11:14 | Not the letter N · age_up feudal |
| 11:18 | Not the letter N · first_building Archery Range |
| 11:23 | Mubeen · wall_segment Palisade Wall x1 |
| 11:32 | Monkey_D_Luffy · age_up feudal |
| 11:33 | Monkey_D_Luffy · first_building Stable |
| 11:33 | Mubeen · wall_segment Palisade Wall x1 |
| 11:42 | Mubeen · wall_segment Palisade Wall x1 |
| 11:59 | Mo_Tastic · wall_segment Palisade Wall x1 |
| 12:02 | lion_ · wall_segment Palisade Wall x1 |
| 12:17 | Not the letter N · first_market_buy 100 food |
| 12:20 | Not the letter N · first_market_sell 100 stone |
| 12:20 | Mubeen · age_up feudal |
| 12:34 | Wingardium Leviosa · age_up feudal |
| 12:34 | Mo_Tastic · wall_segment Palisade Wall x1 |
| 12:38 | MysticCloudZ · age_up feudal |
| 12:39 | Mo_Tastic · wall_segment Palisade Wall x1 |
| 12:46 | Wingardium Leviosa · wall_segment Stone Wall x6 |
| 13:03 | Mo_Tastic · wall_segment Palisade Wall x4 |
| 13:28 | Wingardium Leviosa · wall_segment Stone Wall x1 |
| 13:29 | Wingardium Leviosa · wall_segment Stone Wall x1 |
| 13:29 | Wingardium Leviosa · wall_segment Stone Wall x1 |
| 13:30 | Wingardium Leviosa · wall_segment Stone Wall x1 |
| 13:31 | Wingardium Leviosa · wall_segment Stone Wall x3 |
| 13:32 | Wingardium Leviosa · wall_segment Stone Wall x1 |
| 13:32 | Wingardium Leviosa · wall_segment Stone Wall x1 |
| 13:33 | Wingardium Leviosa · wall_segment Stone Wall x1 |
| 14:19 | Mo_Tastic · wall_segment Palisade Wall x5 |
| 14:24 | Mo_Tastic · wall_segment Palisade Wall x5 |
| 14:30 | Mo_Tastic · wall_segment Palisade Wall x6 |
| 14:34 | Mo_Tastic · wall_segment Palisade Wall x3 |
| 14:48 | Caram · age_up feudal |
| 14:52 | Wingardium Leviosa · wall_segment Stone Wall x1 |
| 15:03 | Monkey_D_Luffy · age_up castle |
| 15:13 | Not the letter N · age_up castle |
| 15:28 | Monkey_D_Luffy · first_building Siege Workshop |
| 15:29 | Mo_Tastic · wall_segment Palisade Wall x1 |
| 15:50 | Caram · wall_segment Stone Wall x6 |
| 15:51 | Wingardium Leviosa · first_market_sell 100 food |
| 15:51 | Caram · wall_segment Stone Wall x6 |
| 15:59 | Mubeen · age_up castle |
| 16:04 | Caram · wall_segment Stone Wall x1 |
| 16:05 | MysticCloudZ · first_building Barracks |
| 16:10 | Caram · wall_segment Stone Wall x3 |
| 16:12 | Caram · wall_segment Stone Wall x1 |
| 16:14 | Caram · wall_segment Stone Wall x2 |
| 16:15 | MysticCloudZ · age_up castle |
| 16:41 | Monkey_D_Luffy · first_building Monastery |
| 17:23 | lion_ · wall_segment Palisade Wall x3 |
| 17:36 | Caram · wall_segment Stone Wall x1 |
| 17:39 | Not the letter N · wall_segment Stone Wall x11 |
| 17:42 | Mubeen · first_building Monastery |
| 18:13 | Not the letter N · wall_segment Stone Wall x13 |
| 18:18 | Caram · age_up castle |
| 18:24 | Mo_Tastic · wall_segment Palisade Wall x1 |
| 18:59 | Wingardium Leviosa · age_up castle |
| 19:03 | MysticCloudZ · first_building Archery Range |
| 19:29 | lion_ · first_building Dock |
| 20:24 | lion_ · wall_segment Palisade Wall x1 |
| 20:32 | Caram · first_market_buy 100 food |
| 20:32 | lion_ · wall_segment Palisade Wall x1 |
| 20:52 | lion_ · wall_segment Palisade Wall x1 |
| 20:53 | Wingardium Leviosa · first_market_buy 100 stone |
| 20:56 | lion_ · wall_segment Palisade Wall x1 |
| 20:57 | Not the letter N · first_building Siege Workshop |
| 20:59 | Wingardium Leviosa · first_building Castle |
| 21:33 | Caram · wall_segment Stone Wall x1 |
| 21:36 | Caram · wall_segment Stone Wall x7 |
| 21:37 | Caram · wall_segment Stone Wall x1 |
| 21:49 | Caram · wall_segment Stone Wall x1 |
| 22:42 | Not the letter N · wall_segment Stone Wall x1 |
| 22:42 | Caram · wall_segment Stone Wall x5 |
| 22:43 | Not the letter N · wall_segment Stone Wall x1 |
| 22:45 | Not the letter N · wall_segment Stone Wall x6 |
| 22:53 | Caram · wall_segment Stone Wall x15 |
| 23:30 | Mubeen · first_market_sell 100 wood |
| 23:55 | MysticCloudZ · first_building Monastery |
| 24:00 | Mo_Tastic · age_up feudal |
| 24:44 | lion_ · age_up feudal |
| 24:46 | Mubeen · first_building Siege Workshop |
| 24:59 | Not the letter N · wall_segment Stone Wall x10 |
| 25:02 | MysticCloudZ · first_market_sell 100 wood |
| 25:07 | Wingardium Leviosa · first_building Siege Workshop |
| 25:14 | MysticCloudZ · first_building Siege Workshop |
| 25:27 | Mubeen · first_building Barracks |
| 25:57 | lion_ · wall_segment Stone Wall x2 |
| 25:58 | Not the letter N · wall_segment Stone Wall x11 |
| 26:00 | Monkey_D_Luffy · first_market_buy 100 stone |
| 26:03 | Wingardium Leviosa · age_up imperial |
| 26:06 | lion_ · wall_segment Stone Wall x4 |
| 26:08 | lion_ · wall_segment Stone Wall x1 |
| 26:22 | Caram · wall_segment Stone Wall x15 |
| 26:26 | lion_ · wall_segment Stone Wall x4 |
| 26:35 | Caram · wall_segment Stone Wall x4 |
| 26:39 | Caram · wall_segment Stone Wall x5 |
| 26:44 | Mubeen · first_market_buy 100 stone |
| 26:51 | Mubeen · first_building Castle |
| 27:19 | Mubeen · age_up imperial |
| 27:30 | Mo_Tastic · age_up castle |
| 27:37 | Not the letter N · wall_segment Stone Wall x1 |
| 27:38 | Not the letter N · wall_segment Stone Wall x1 |
| 27:48 | Caram · first_building Monastery |
| 28:13 | MysticCloudZ · age_up imperial |
| 28:14 | lion_ · age_up castle |
| 28:21 | Mo_Tastic · first_market_buy 100 wood |
| 28:22 | lion_ · first_building Castle |
| 28:46 | MysticCloudZ · first_building Stable |
| 28:49 | lion_ · wall_segment Stone Wall x3 |
| 28:51 | lion_ · wall_segment Stone Wall x4 |
| 28:55 | lion_ · wall_segment Stone Wall x5 |
| 29:06 | Mo_Tastic · wall_segment Stone Wall x13 |
| 29:12 | lion_ · wall_segment Stone Wall x3 |
| 30:01 | Caram · first_building Barracks |
| 30:18 | lion_ · wall_segment Stone Wall x1 |
| 30:20 | lion_ · wall_segment Stone Wall x1 |
| 30:21 | lion_ · wall_segment Stone Wall x1 |
| 30:21 | lion_ · wall_segment Stone Wall x2 |
| 30:21 | lion_ · wall_segment Stone Wall x1 |
| 30:22 | lion_ · wall_segment Stone Wall x2 |
| 30:22 | lion_ · wall_segment Stone Wall x1 |
| 30:22 | lion_ · wall_segment Stone Wall x1 |
| 30:23 | lion_ · wall_segment Stone Wall x1 |
| 30:23 | lion_ · wall_segment Stone Wall x1 |
| 30:23 | lion_ · wall_segment Stone Wall x1 |
| 30:24 | lion_ · wall_segment Stone Wall x2 |
| 30:39 | Caram · first_building Castle |
| 30:52 | MysticCloudZ · first_building Castle |
| 30:55 | Wingardium Leviosa · wall_segment Stone Wall x1 |
| 30:56 | Wingardium Leviosa · wall_segment Stone Wall x1 |
| 31:02 | MysticCloudZ · wall_segment Stone Wall x12 |
| 31:22 | MysticCloudZ · first_market_buy 100 wood |
| 31:52 | lion_ · wall_segment Stone Wall x4 |
| 31:56 | lion_ · wall_segment Stone Wall x4 |
| 32:44 | lion_ · wall_segment Stone Wall x4 |
| 32:48 | Caram · age_up imperial |
| 32:48 | lion_ · wall_segment Stone Wall x2 |
| 33:09 | lion_ · first_market_buy 100 wood |
| 33:19 | Monkey_D_Luffy · age_up imperial |
| 33:47 | MysticCloudZ · wall_segment Stone Wall x1 |
| 33:48 | MysticCloudZ · wall_segment Stone Wall x3 |
| 33:57 | lion_ · wall_segment Stone Wall x9 |
| 34:02 | lion_ · wall_segment Stone Wall x6 |
| 34:08 | Wingardium Leviosa · first_building Barracks |
| 34:09 | lion_ · wall_segment Stone Wall x2 |
| 34:24 | lion_ · wall_segment Stone Wall x11 |
| 34:30 | Not the letter N · age_up imperial |
| 34:40 | lion_ · wall_segment Stone Wall x4 |
| 35:16 | lion_ · wall_segment Stone Wall x11 |
| 35:29 | Mo_Tastic · first_building Barracks |
| 35:31 | Caram · first_building Siege Workshop |
| 36:12 | Mo_Tastic · first_building Archery Range |
| 36:25 | lion_ · wall_segment Stone Wall x2 |
| 37:08 | Mo_Tastic · first_building Monastery |
| 37:46 | Wingardium Leviosa · wall_segment Stone Wall x1 |
| 38:24 | Caram · first_building Stable |
| 38:42 | Monkey_D_Luffy · first_building Castle |
| 38:49 | Mubeen · tribute_sent a jugador 1 |
| 38:49 | Mubeen · tribute_sent a jugador 2 |
| 38:49 | Mubeen · tribute_sent a jugador 3 |
| 38:49 | Mubeen · tribute_sent a jugador 4 |
| 38:49 | Mubeen · tribute_sent a jugador 6 |
| 38:49 | Mubeen · tribute_sent a jugador 7 |
| 38:49 | Mubeen · tribute_sent a jugador 8 |
| 38:58 | Mo_Tastic · first_building Castle |
| 39:05 | Caram · wall_segment Stone Wall x6 |
| 40:07 | Monkey_D_Luffy · first_market_sell 100 food |
| 40:21 | Mo_Tastic · first_building Stable |
| 40:35 | Not the letter N · first_building Castle |
| 40:51 | Wingardium Leviosa · wall_segment Stone Wall x3 |
| 41:03 | Mo_Tastic · age_up imperial |
| 41:13 | MysticCloudZ · wall_segment Stone Wall x3 |
| 41:40 | MysticCloudZ · wall_segment Stone Wall x8 |
| 41:52 | MysticCloudZ · wall_segment Stone Wall x4 |
| 42:08 | Mubeen · tribute_sent a jugador 1 |
| 42:08 | Mubeen · tribute_sent a jugador 2 |
| 42:08 | Mubeen · tribute_sent a jugador 3 |
| 42:08 | Mubeen · tribute_sent a jugador 4 |
| 42:08 | Mubeen · tribute_sent a jugador 6 |
| 42:08 | Mubeen · tribute_sent a jugador 7 |
| 42:08 | Mubeen · tribute_sent a jugador 8 |
| 42:15 | Mo_Tastic · first_building Siege Workshop |
| 42:39 | Caram · first_building Krepost |
| 42:48 | lion_ · first_building Barracks |
| 43:11 | Wingardium Leviosa · first_building Archery Range |
| 44:44 | Mubeen · tribute_sent a jugador 1 |
| 44:44 | Mubeen · tribute_sent a jugador 2 |
| 44:44 | Mubeen · tribute_sent a jugador 3 |
| 44:44 | Mubeen · tribute_sent a jugador 4 |
| 44:44 | Mubeen · tribute_sent a jugador 6 |
| 44:44 | Mubeen · tribute_sent a jugador 7 |
| 44:44 | Mubeen · tribute_sent a jugador 8 |
| 45:04 | Mubeen · tribute_sent a jugador 1 |
| 45:04 | Mubeen · tribute_sent a jugador 2 |
| 45:04 | Mubeen · tribute_sent a jugador 3 |
| 45:04 | Mubeen · tribute_sent a jugador 4 |
| 45:04 | Mubeen · tribute_sent a jugador 6 |
| 45:04 | Mubeen · tribute_sent a jugador 7 |
| 45:04 | Mubeen · tribute_sent a jugador 8 |
| 45:27 | Not the letter N · wall_segment Stone Wall x9 |
| 45:51 | lion_ · age_up imperial |
| 46:05 | Not the letter N · wall_segment Stone Wall x16 |
| 46:08 | Not the letter N · wall_segment Stone Wall x9 |
| 46:44 | lion_ · first_market_sell 100 stone |
| 46:52 | Mubeen · tribute_sent a jugador 1 |
| 46:52 | Mubeen · tribute_sent a jugador 2 |
| 46:52 | Mubeen · tribute_sent a jugador 3 |
| 46:52 | Mubeen · tribute_sent a jugador 4 |
| 46:52 | Mubeen · tribute_sent a jugador 6 |
| 46:52 | Mubeen · tribute_sent a jugador 7 |
| 46:52 | Mubeen · tribute_sent a jugador 8 |
| 48:15 | Mubeen · tribute_sent a jugador 1 |
| 48:15 | Mubeen · tribute_sent a jugador 2 |
| 48:15 | Mubeen · tribute_sent a jugador 3 |
| 48:15 | Mubeen · tribute_sent a jugador 4 |
| 48:15 | Mubeen · tribute_sent a jugador 6 |
| 48:15 | Mubeen · tribute_sent a jugador 7 |
| 48:15 | Mubeen · tribute_sent a jugador 8 |
| 49:28 | Mubeen · tribute_sent a jugador 1 |
| 49:28 | Mubeen · tribute_sent a jugador 2 |
| 49:28 | Mubeen · tribute_sent a jugador 3 |
| 49:28 | Mubeen · tribute_sent a jugador 4 |
| 49:28 | Mubeen · tribute_sent a jugador 6 |
| 49:28 | Mubeen · tribute_sent a jugador 7 |
| 49:28 | Mubeen · tribute_sent a jugador 8 |
| 49:29 | Mo_Tastic · tribute_sent a jugador 1 |
| 49:29 | Mo_Tastic · tribute_sent a jugador 2 |
| 49:29 | Mo_Tastic · tribute_sent a jugador 3 |
| 49:29 | Mo_Tastic · tribute_sent a jugador 5 |
| 49:29 | Mo_Tastic · tribute_sent a jugador 6 |
| 49:29 | Mo_Tastic · tribute_sent a jugador 7 |
| 49:29 | Mo_Tastic · tribute_sent a jugador 8 |
| 49:37 | MysticCloudZ · tribute_sent a jugador 1 |
| 49:37 | MysticCloudZ · tribute_sent a jugador 2 |
| 49:37 | MysticCloudZ · tribute_sent a jugador 4 |
| 49:37 | MysticCloudZ · tribute_sent a jugador 5 |
| 49:37 | MysticCloudZ · tribute_sent a jugador 6 |
| 49:37 | MysticCloudZ · tribute_sent a jugador 7 |
| 49:37 | MysticCloudZ · tribute_sent a jugador 8 |
| 50:52 | Mubeen · tribute_sent a jugador 1 |
| 50:52 | Mubeen · tribute_sent a jugador 2 |
| 50:52 | Mubeen · tribute_sent a jugador 3 |
| 50:52 | Mubeen · tribute_sent a jugador 4 |
| 50:52 | Mubeen · tribute_sent a jugador 6 |
| 50:52 | Mubeen · tribute_sent a jugador 7 |
| 50:52 | Mubeen · tribute_sent a jugador 8 |
| 51:12 | Mo_Tastic · tribute_sent a jugador 1 |
| 51:12 | Mo_Tastic · tribute_sent a jugador 2 |
| 51:12 | Mo_Tastic · tribute_sent a jugador 3 |
| 51:12 | Mo_Tastic · tribute_sent a jugador 5 |
| 51:12 | Mo_Tastic · tribute_sent a jugador 6 |
| 51:12 | Mo_Tastic · tribute_sent a jugador 7 |
| 51:12 | Mo_Tastic · tribute_sent a jugador 8 |
| 51:14 | Monkey_D_Luffy · tribute_sent a jugador 1 |
| 51:14 | Monkey_D_Luffy · tribute_sent a jugador 2 |
| 51:14 | Monkey_D_Luffy · tribute_sent a jugador 3 |
| 51:14 | Monkey_D_Luffy · tribute_sent a jugador 4 |
| 51:14 | Monkey_D_Luffy · tribute_sent a jugador 5 |
| 51:14 | Monkey_D_Luffy · tribute_sent a jugador 6 |
| 51:14 | Monkey_D_Luffy · tribute_sent a jugador 7 |
| 51:29 | Monkey_D_Luffy · tribute_sent a jugador 1 |
| 51:29 | Monkey_D_Luffy · tribute_sent a jugador 2 |
| 51:29 | Monkey_D_Luffy · tribute_sent a jugador 3 |
| 51:29 | Monkey_D_Luffy · tribute_sent a jugador 4 |
| 51:29 | Monkey_D_Luffy · tribute_sent a jugador 5 |
| 51:29 | Monkey_D_Luffy · tribute_sent a jugador 6 |
| 51:29 | Monkey_D_Luffy · tribute_sent a jugador 7 |
| 51:40 | Not the letter N · wall_segment Stone Wall x4 |
| 52:01 | Mo_Tastic · tribute_sent a jugador 1 |
| 52:01 | Mo_Tastic · tribute_sent a jugador 2 |
| 52:01 | Mo_Tastic · tribute_sent a jugador 3 |
| 52:01 | Mo_Tastic · tribute_sent a jugador 5 |
| 52:01 | Mo_Tastic · tribute_sent a jugador 6 |
| 52:01 | Mo_Tastic · tribute_sent a jugador 7 |
| 52:01 | Mo_Tastic · tribute_sent a jugador 8 |
| 52:23 | Not the letter N · wall_segment Stone Wall x7 |
| 52:55 | Not the letter N · wall_segment Stone Wall x1 |
| 53:36 | Not the letter N · wall_segment Stone Wall x1 |
| 54:02 | Not the letter N · wall_segment Stone Wall x1 |
| 55:19 | Not the letter N · wall_segment Stone Wall x6 |
| 55:51 | Mubeen · tribute_sent a jugador 1 |
| 55:51 | Mubeen · tribute_sent a jugador 2 |
| 55:51 | Mubeen · tribute_sent a jugador 3 |
| 55:51 | Mubeen · tribute_sent a jugador 4 |
| 55:51 | Mubeen · tribute_sent a jugador 6 |
| 55:51 | Mubeen · tribute_sent a jugador 7 |
| 55:51 | Mubeen · tribute_sent a jugador 8 |
| 57:09 | Caram · wall_segment Stone Wall x4 |
| 57:10 | MysticCloudZ · tribute_sent a jugador 1 |
| 57:10 | MysticCloudZ · tribute_sent a jugador 2 |
| 57:10 | MysticCloudZ · tribute_sent a jugador 4 |
| 57:10 | MysticCloudZ · tribute_sent a jugador 5 |
| 57:10 | MysticCloudZ · tribute_sent a jugador 6 |
| 57:10 | MysticCloudZ · tribute_sent a jugador 7 |
| 57:10 | MysticCloudZ · tribute_sent a jugador 8 |
| 60:39 | lion_ · wall_segment Stone Wall x8 |
| 60:52 | Mo_Tastic · first_market_sell 500 food |
| 61:00 | Caram · wall_segment Stone Wall x8 |
| 61:54 | Caram · wall_segment Stone Wall x5 |
| 63:43 | MysticCloudZ · tribute_sent a jugador 1 |
| 63:43 | MysticCloudZ · tribute_sent a jugador 2 |
| 63:43 | MysticCloudZ · tribute_sent a jugador 4 |
| 63:43 | MysticCloudZ · tribute_sent a jugador 5 |
| 63:43 | MysticCloudZ · tribute_sent a jugador 6 |
| 63:43 | MysticCloudZ · tribute_sent a jugador 7 |
| 63:43 | MysticCloudZ · tribute_sent a jugador 8 |
| 64:03 | MysticCloudZ · wall_segment Stone Wall x12 |
| 66:59 | lion_ · first_building Siege Workshop |
| 70:01 | lion_ · wall_segment Stone Wall x5 |
| 70:41 | Wingardium Leviosa · wall_segment Stone Wall x4 |
| 70:54 | lion_ · tribute_sent a jugador 2 |
| 70:54 | lion_ · tribute_sent a jugador 3 |
| 70:54 | lion_ · tribute_sent a jugador 4 |
| 70:54 | lion_ · tribute_sent a jugador 5 |
| 70:54 | lion_ · tribute_sent a jugador 6 |
| 70:54 | lion_ · tribute_sent a jugador 7 |
| 70:54 | lion_ · tribute_sent a jugador 8 |
| 71:02 | lion_ · wall_segment Stone Wall x1 |
| 71:05 | lion_ · wall_segment Stone Wall x1 |
| 72:03 | lion_ · wall_segment Stone Wall x3 |
| 72:08 | lion_ · wall_segment Stone Wall x3 |
| 72:59 | lion_ · tribute_sent a jugador 2 |
| 72:59 | lion_ · tribute_sent a jugador 3 |
| 72:59 | lion_ · tribute_sent a jugador 4 |
| 72:59 | lion_ · tribute_sent a jugador 5 |
| 72:59 | lion_ · tribute_sent a jugador 6 |
| 72:59 | lion_ · tribute_sent a jugador 7 |
| 72:59 | lion_ · tribute_sent a jugador 8 |
| 73:00 | Mubeen · tribute_sent a jugador 1 |
| 73:00 | Mubeen · tribute_sent a jugador 2 |
| 73:00 | Mubeen · tribute_sent a jugador 3 |
| 73:00 | Mubeen · tribute_sent a jugador 4 |
| 73:00 | Mubeen · tribute_sent a jugador 6 |
| 73:00 | Mubeen · tribute_sent a jugador 7 |
| 73:00 | Mubeen · tribute_sent a jugador 8 |
| 74:19 | Mubeen · wall_segment Stone Wall x7 |
| 74:58 | Mubeen · wall_segment Stone Wall x5 |
| 75:28 | lion_ · tribute_sent a jugador 2 |
| 75:28 | lion_ · tribute_sent a jugador 3 |
| 75:28 | lion_ · tribute_sent a jugador 4 |
| 75:28 | lion_ · tribute_sent a jugador 5 |
| 75:28 | lion_ · tribute_sent a jugador 6 |
| 75:28 | lion_ · tribute_sent a jugador 7 |
| 75:28 | lion_ · tribute_sent a jugador 8 |
| 75:29 | Mubeen · wall_segment Stone Wall x6 |
| 76:10 | lion_ · tribute_sent a jugador 2 |
| 76:10 | lion_ · tribute_sent a jugador 3 |
| 76:10 | lion_ · tribute_sent a jugador 4 |
| 76:10 | lion_ · tribute_sent a jugador 5 |
| 76:10 | lion_ · tribute_sent a jugador 6 |
| 76:10 | lion_ · tribute_sent a jugador 7 |
| 76:10 | lion_ · tribute_sent a jugador 8 |
| 76:53 | Mubeen · tribute_sent a jugador 1 |
| 76:53 | Mubeen · tribute_sent a jugador 2 |
| 76:53 | Mubeen · tribute_sent a jugador 3 |
| 76:53 | Mubeen · tribute_sent a jugador 4 |
| 76:53 | Mubeen · tribute_sent a jugador 6 |
| 76:53 | Mubeen · tribute_sent a jugador 7 |
| 76:53 | Mubeen · tribute_sent a jugador 8 |
| 78:19 | Mo_Tastic · tribute_sent a jugador 1 |
| 78:19 | Mo_Tastic · tribute_sent a jugador 2 |
| 78:19 | Mo_Tastic · tribute_sent a jugador 3 |
| 78:19 | Mo_Tastic · tribute_sent a jugador 5 |
| 78:19 | Mo_Tastic · tribute_sent a jugador 6 |
| 78:19 | Mo_Tastic · tribute_sent a jugador 7 |
| 78:19 | Mo_Tastic · tribute_sent a jugador 8 |
| 79:24 | Mubeen · tribute_sent a jugador 1 |
| 79:24 | Mubeen · tribute_sent a jugador 2 |
| 79:24 | Mubeen · tribute_sent a jugador 3 |
| 79:24 | Mubeen · tribute_sent a jugador 4 |
| 79:24 | Mubeen · tribute_sent a jugador 6 |
| 79:24 | Mubeen · tribute_sent a jugador 7 |
| 79:24 | Mubeen · tribute_sent a jugador 8 |
| 83:19 | Mo_Tastic · resign |
[ AI ANALYSIS · 1 CREDIT ]
What really happened in this match?
Wolo.gg analyzes every decision: build order, eco, micro, common mistakes by bracket. Personalized analysis on WhatsApp or Discord in 30 seconds.
Civ guide
Lithuanians
Perfil
Jugador #1371306